 Dungeon Crawl Stone Soup version 0.30-a0-354-g6b83867211 (webtiles) character file.

Game seed: 3867872441562522290

259001 p00ps00p the Severer (level 19, -3/179 HPs)
             Began as a Hill Orc Fighter on Nov 7, 2022.
             Was an Initiate of Gozag.
             Slain by a titan (13 damage)
             ... on level 1 of the Depths on Nov 8, 2022.
             The game lasted 02:16:24 (62040 turns).

p00ps00p the Severer (Hill Orc Fighter)            Turns: 62040, Time: 02:16:26

Health: -3/179     AC: 28    Str: 34    XL:     19   Next: 89%
Magic:  19/19      EV: 18    Int:  8    God:    Gozag
Gold:   1127       SH:  0    Dex: 10    Spells: 18/18 levels left

rFire   + . .      SeeInvis +    u - +8 war axe of Extinguishment {pain, Str+6}
rCold   . . .      Faith    .    Z - +0 kite shield {AC+3}
rNeg    . . .      Spirit   .    Y - +3 ring mail {rF+}
rPois   +          Reflect  .    K - +2 helmet {SInv}
rElec   +          Harm     .    R - scarf {repulsion}
rCorr   .          Rampage  .    m - +0 pair of gloves of Ceut {Stlth+}
Will    +....                    N - +2 pair of boots {Fly}
Stlth   ++........               y - amulet of the acrobat
HPRegen 0.49/turn                r - ring of Suspected Treachery {rElec rPois AC+4 Str+3}
MPRegen 0.16/turn                p - ring of Hard Scrabble {rPois EV+4 Stlth+}

@: confused, ambrosia-drunk, gold aura, flying, slowed, invisible (expiring),
repel missiles, very slow
A: weak 1
}: 2/15 runes: serpentine, barnacled
a: Renounce Religion, Potion Petition, Call Merchant, Bribe Branch


You were on level 1 of the Depths.
You worshipped Gozag.
Gozag was most pleased with you.
You visited 7 branches of the dungeon, and saw 32 of its levels.

You collected 12470 gold pieces.
You spent 4788 gold pieces at shops.
You paid 6555 gold pieces to Gozag.

Inventory:

Hand Weapons
 u - the +8 war axe of Extinguishment (weapon) {pain, Str+6}
   (You bought it in a shop on level 5 of the Lair of Beasts)

   In the hands of one skilled in necromantic magic, it inflicts extra damage on
   living creatures.
   Str:       It affects your strength (+6).
 L - a +3 broad axe of flaming
Missiles
 j - 51 poisoned darts (quivered)
 C - 4 throwing nets
Armour
 g - a +0 troll leather armour
 m - the +0 pair of gloves of Ceut (worn) {Stlth+}
   (You bought it in a shop on level 1 of the Shoals)

   Stlth:     It makes you more stealthy.
 K - a +2 helmet of see invisible (worn)
 N - a +2 pair of boots of flying (worn)
 R - a scarf of repulsion (worn)
 T - a +2 leather armour of cold resistance
 Y - a +3 ring mail of fire resistance (worn)
 Z - a +0 kite shield of protection (worn)
Jewellery
 e - the ring "Kuntyrgh" {rC+ Will+ Dex+3}
   (You acquired it on level 4 of the Dungeon)

   [ring of protection from cold]

   Dex:       It affects your dexterity (+3).
   rC:        It protects you from cold.
   Will:      It increases your willpower.
 o - the ring "Fucavuf" {rF+ Dex+5 Slay+2}
   (You took it off a merfolk javelineer on level 2 of the Shoals)

   [ring of protection from fire]

   Dex:       It affects your dexterity (+5).
   Slay:      It affects your accuracy & damage with ranged weapons and melee
   (+2).
   rF:        It protects you from fire.
 p - the ring of Hard Scrabble (right hand) {rPois EV+4 Stlth+}
   (You took it off a tengu conjurer on level 11 of the Dungeon)

   [ring of evasion]

   EV:        It affects your evasion (+4).
   rPois:     It protects you from poison.
   Stlth:     It makes you more stealthy.
 r - the ring of Suspected Treachery (left hand) {rElec rPois AC+4 Str+3}
   (You bought it in a shop on level 13 of the Dungeon)

   [ring of protection]

   AC:        It affects your AC (+4).
   Str:       It affects your strength (+3).
   rElec:     It insulates you from electricity.
   rPois:     It protects you from poison.
 y - an amulet of the acrobat (around neck)
 S - a ring of protection from cold
 X - an amulet of regeneration
Wands
 l - a wand of roots (17)
 n - a wand of acid (7)
 x - a wand of flame (41)
 F - a wand of paralysis (15)
 H - a wand of mindburst (14)
 M - a wand of digging (9)
 V - a wand of polymorph (18)
Scrolls
 a - 2 scrolls of brand weapon
 c - a scroll of silence
 d - 5 scrolls of amnesia
 h - a scroll of magic mapping
 q - a scroll of fear
 t - 2 scrolls of enchant armour
 v - 8 scrolls of fog
 I - a scroll of enchant weapon
 W - 2 scrolls of poison
Potions
 b - 4 potions of magic
 f - 5 potions of haste
 k - 9 potions of mutation
 s - 2 potions of brilliance
 z - 18 potions of curing
 A - 4 potions of invisibility
 B - a potion of berserk rage
 J - 5 potions of cancellation
 P - 6 potions of might
 Q - 4 potions of resistance
Miscellaneous
 i - a phantom mirror
 w - a condenser vane


   Skills:
 - Level 18.0 Fighting
 - Level 19.2 Axes
 - Level 16.6 Armour
 + Level 12.3 Dodging
 - Level 16.6 Shields
 + Level 14.5 Necromancy


You had 18 spell levels left.
You didn't know any spells.
Your spell library contained the following spells:

 Spells                   Type           Power      Damage    Failure   Level
 Sublimation of Blood     Necr           23%        N/A       1%          2
 Dispel Undead            Necr           23%        3d12      2%          4
 Cigotuvi's Dreadful Rot  Necr/Pois/Air  14%        N/A       19%         2
 Death Channel            Necr           11%        N/A       34%         6
 Beastly Appendage        Tmut           0%         N/A       65%         1
 Freeze                   Ice            0%         1d3       65%         1
 Shock                    Conj/Air       0%         1d3       65%         1
 Sting                    Tmut/Pois      0%         1d3       65%         1
 Poisonous Vapours        Pois/Air       0%         N/A       78%         2
 Static Discharge         Conj/Air       0%         2-2/arc   78%         2
 Wereblood                Tmut           0%         N/A       78%         2
 Frozen Ramparts          Ice            0%         1d1       95%         3
 Gell's Gravitas          Tloc           0%         N/A       95%         3
 Hailstorm                Conj/Ice       0%         3d3       95%         3
 Ignite Poison            Fire/Tmut/Pois 0%         N/A       95%         3
 Inner Flame              Hex/Fire       0%         N/A       95%         3
 Lesser Beckoning         Tloc           0%         N/A       95%         3
 Ozocubu's Armour         Ice            0%         N/A       95%         3
 Portal Projectile        Hex/Tloc       0%         N/A       95%         3
 Spider Form              Tmut/Pois      0%         N/A       95%         3
 Swiftness                Air            0%         N/A       95%         3
 Teleport Other           Tloc           0%         N/A       95%         3
 Tukima's Dance           Hex            0%         N/A       95%         3
 Vhi's Electric Charge    Tloc/Air       0%         N/A       95%         3
 Airstrike                Air            0%         2d(0-16)  100%        4
 Animate Armour           Summ/Erth      0%         N/A       100%        4
 Flame Wave               Conj/Fire      0%         2d4       100%        4
 Olgreb's Toxic Radiance  Pois           0%         N/A       100%        4
 Petrify                  Tmut/Erth      0%         N/A       100%        4
 Sticky Flame             Conj/Fire      0%         2d3       100%        4
 Summon Ice Beast         Ice/Summ       0%         N/A       100%        4
 Summon Lightning Spire   Summ/Air       0%         N/A       100%        4
 Arcjolt                  Conj/Air       0%         1d10      100%        5
 Blade Hands              Tmut           0%         N/A       100%        5
 Irradiate                Conj/Tmut      0%         3d11      100%        5
 Lightning Bolt           Conj/Air       0%         1d11      100%        5
 Metabolic Englaciation   Hex/Ice        0%         N/A       100%        5
 Summon Forest            Summ/Tloc      0%         N/A       100%        5
 Summon Mana Viper        Hex/Summ       0%         N/A       100%        5
 Eringya's Noxious Bog    Tmut/Pois      0%         N/A       100%        6
 Iron Shot                Conj/Erth      0%         9d1       100%        6
 Statue Form              Tmut/Erth      0%         N/A       100%        6
 Summon Cactus Giant      Summ           0%         N/A       100%        6
 Dragon Form              Tmut           0%         N/A       100%        7
 Monstrous Menagerie      Summ           0%         N/A       100%        7
 Ozocubu's Refrigeration  Ice            0%         4d7       100%        7
 Summon Hydra             Summ           0%         N/A       100%        7
 Ignition                 Fire           0%         3d3       100%        8


Dungeon Overview and Level Annotations

Branches:
Dungeon (15/15)            Temple (1/1) D:4            Lair (5/5) D:10
 Shoals (4/4) Lair:3        Snake (4/4) Lair:2        Slime (0/5) Lair:5
    Orc (2/2) D:9             Elf (0/3) Orc:2        Vaults (0/5) D:13
 Depths (1/4) D:15

Altars:
Ashenzari
Cheibriados
Dithmenos
Elyvilon
Fedhas
Gozag
Hepliaklqana
Kikubaaqudgha
Makhleb
Nemelex Xobeh
Okawaru
Qazlal
Ru
Sif Muna
Trog
Uskayaw
Vehumet
Wu Jian
Xom
Yredelemnul
Zin
The Shining One
Jiyva

Shops:
D:13 (*   Orc:1 (   Orc:2 ![**![*[   Lair:5 (*   Shoals:1 [   Shoals:4 *
Snake:1 =   Snake:4 *

Annotations:
Shoals:2 Mlioglotl


Innate Abilities, Weirdness & Mutations

You are weak. (Str -2)


Message History

A storm dragon comes into view.
The titan is distracted by your dazzling golden aura.
The storm dragon moves out of view.
You fade into invisibility!
The titan is no longer distracted by gold.
The quicksilver dragon breathes dispelling energy at you.
The bolt of dispelling energy misses you.
The titan shouts!
The spark wasp buzzes angrily.
You hear an angry buzzing noise.
You hear a deafening roar!
You hear a shout!
The spark wasp bursts into living lightning!
The living lightning hits the titan.
The titan completely resists.
The spark wasp blinks!
The quicksilver dragon bites you but does no damage.
The quicksilver dragon barely misses you.
The quicksilver dragon completely misses you.
The quicksilver dragon closely misses you.
A spark wasp comes into view.
The titan shouts!
You barely miss the quicksilver dragon. You closely miss the spark wasp.
You hear a deafening roar! x2
The ettin is no longer distracted by gold.
The quicksilver dragon completely misses you. x2
The spark wasp barely misses you.
The quicksilver dragon bites you but does no damage.
The quicksilver dragon barely misses you.
You hit the quicksilver dragon.
The quicksilver dragon writhes in agony!
The quicksilver dragon is lightly wounded.
You hit the spark wasp.
The spark wasp writhes in agony.
You hit the titan.
The titan writhes in agony!
The ettin seems to regain its courage.
The spark wasp stings you but does no damage.
The quicksilver dragon breathes dispelling energy at you.
The bolt of dispelling energy hits you!!
Your magical effects are unravelling.
* * * LOW HITPOINT WARNING * * *
The titan closely misses you. The spark wasp closely misses you.
The titan hits you!
You die...
Your body crumbles into a pile of gold. #.....'.## #####'#... '' #......... '''

#.......'.
~~~##
#.......#.
~~~~y##
#.[.....#.
~~C~~##
#.......#.
#~D~##
##'######.
#C@y# #.
#' #~~~##
.. $
##$$⌠# '..
$ $ #)$8#
##u $$
#$$⌠# 'u $
$#~~~##
#~~~#
~~~##
C~~##


You could see a titan, a quicksilver dragon, an ettin (unable to see you) and 2
spark wasps.

Vanquished Creatures
  A caustic shrike (Depths:1)
  Nikola (Depths:1)
  A tentacled monstrosity (Snake:2)
  Rupert (Lair:4)
  A titan (Shoals:4)
  2 quicksilver dragons (Snake:4)
  A sphinx (Depths:1)
  Polyphemus (Shoals:4)
  Frances (D:13)
  Gastronok (Lair:2)
  The ghost of Cihivoiw the Ruinous, an adept TeCj of Sif Muna (Shoals:1)
  2 thorn hunters (Snake:2)
  A tengu reaver (Depths:1)
  A storm dragon (Depths:1)
  Ilsuiw (Shoals:2)
  4 nagarajas
  A fire giant (Depths:1)
  An orc warlord (Orc:2)
  The ghost of CabbageHands the Carver, a journeyman DjGl of Gozag (Lair:5)
  3 very ugly things (Depths:1)
  A stone giant (D:15)
  2 spark wasps (Depths:1)
  Azrael (D:11)
  Snorg (Lair:4)
  10 merfolk impalers
  5 merfolk javelineers
  Josephine (Lair:4)
  A fire dragon (D:13)
  11 hydras
  A rakshasa (D:15)
  An ogre mage (D:11)
  2 catoblepae
  4 salamander tyrants (Snake:4)
  A death knight (D:12)
  Erolcha (D:13)
  4 alligators
  5 boulder beetles
  2 alligator snapping turtles (Shoals:2)
  6 centaur warriors
  11 anacondas
  3 merfolk avatars
  2 satyrs (Shoals:4)
  2 merfolk aquamancers (Shoals:4)
  8 two-headed ogres
  2 tengu warriors (D:11)
  5 naga warriors
  14 death yaks
  4 orc high priests
  Urug (D:13)
  13 naga sharpshooters
  A soul eater (D:15)
  11 shock serpents
  A sixfirhy (D:15)
  A salamander mystic (Snake:4)
  14 sea snakes
  2 goliath frogs
  6 naga ritualists
  2 phantasmal warriors (D:13)
  4 swamp dragons (Snake:2)
  2 orc knights
  A lindwurm (Lair:5)
  2 orange crystal statues
  13 harpies
  9 mana vipers
  A deep elf pyromancer (D:15)
  4 orc sorcerers (Orc:1)
  5 ugly things
  10 cyclopes
  17 manticores
  An oklob plant (Shoals:2)
  15 fauns (Shoals:1)
  2 moths of wrath (Shoals:1)
  7 salamanders
  19 elephants
  42 black mambas
  13 merfolk sirens
  2 guardian serpents
  17 naga magi
  A smoke demon (D:15)
  10 water nymphs
  21 cane toads
  2 orange demons (D:15)
  7 gargoyles
  A rime drake (shapeshifter) (D:15)
  2 unseen horrors (D:11)
  5 rime drakes
  12 komodo dragons
  An efreet (D:15)
  6 kobold demonologists
  9 yaktaurs
  2 tengu conjurers (D:11)
  4 freezing wraiths
  2 ice devils (D:15)
  A hellwing (D:15)
  6 polar bears
  31 merfolk
  A polar bear (shapeshifter) (D:15)
  15 wind drakes
  13 trolls
  A hornet (D:8)
  Grinder (D:5)
  4 tyrant leeches
  7 dream sheep
  35 blink frogs
  9 slime creatures
  7 snapping turtles
  A blink frog (shapeshifter) (D:13)
  Sigmund (D:4)
  2 vampires
  2 centaur simulacra
  2 ynoxinuls (D:15)
  2 shadows (D:11)
  16 water elementals
  4 air elementals (Shoals:4)
  5 wyverns
  A spriggan (Lair:2)
  39 yaks
  7 wraiths
  3 basilisks
  3 fire elementals
  16 humans (D:13)
  3 steam dragons (D:9)
  Eustachio (D:4)
  A neqoxec (D:15)
  Menkaure (D:5)
  15 vampire mosquitoes
  33 nagas
  4 swamp worms
  4 wargs (Orc:2)
  4 hell hounds
  An acid dragon (D:10)
  13 water moccasins
  32 orc warriors
  An ice beast (D:5)
  A swamp drake (Snake:2)
  3 ogres (Orc:1)
  A sky beast (D:6)
  2 black bears
  4 centaurs (D:14)
  30 wolves
  A phantom (D:5)
  5 kobold brigands
  A necrophage (D:4)
  A gnoll sergeant (D:12)
  25 bullfrogs
  4 scorpions
  5 wights (D:4)
  5 killer bees
  2 howler monkeys
  2 electric eels
  22 orc priests
  3 hounds
  7 jellies
  A gnoll bouda (D:7)
  5 iguanas
  Ijyb (D:5)
  37 orc wizards
  11 gnolls
  10 adders
  A shadow imp (D:8)
  A white imp (D:5)
  2 worms (D:4)
  3 dart slugs
  73 orcs
  5 ball pythons
  5 endoplasms
  7 goblins
  10 hobgoblins
  11 jackals
  19 kobolds
  5 quokkas
  4 bats
  5 frilled lizards
  6 rats
  4 briar patches (Snake:2)
  A bush (Lair:1)
  3 butterflies
  A plant (Shoals:3)
1164 creatures vanquished.

Vanquished Creatures (others)
  A harpy (Shoals:2)
  A faun (Shoals:1)
  A merfolk (Shoals:2)
  A water elemental (Shoals:4)
  A naga (Snake:4)
  An orc priest (Orc:2)
  2 briar patches (Snake:2)
  8 demonic plants (D:15)
  34 fungi
  190 plants
  2 withered plants (Lair:5)
242 creatures vanquished.

Grand Total: 1406 creatures vanquished

Notes
Turn   | Place    | Note
-------+----------+-------------------------------------------
     0 | D:1      | p00ps00p the Hill Orc Fighter began the quest for the Orb.
     0 | D:1      | Reached XP level 1. HP: 19/19 MP: 1/1
    51 | D:1      | Reached XP level 2. HP: 18/27 MP: 2/2
    98 | D:1      | Reached skill level 3 in Axes
   438 | D:1      | Reached XP level 3. HP: 33/33 MP: 3/3
  1002 | D:2      | Reached XP level 4. HP: 39/40 MP: 4/4
  1875 | D:3      | Reached skill level 4 in Axes
  1875 | D:3      | Reached XP level 5. HP: 43/47 MP: 5/5
  2462 | D:3      | Found a faded altar of an unknown god.
  2499 | D:4      | Reached skill level 5 in Fighting
  2499 | D:4      | Reached XP level 6. HP: 32/56 MP: 6/6
  2789 | D:4      | Identified a scroll of acquirement
  2795 | D:4      | Acquired the ring "Kuntyrgh" {rC+ Will+ Dex+3}
  2836 | D:4      | Reached skill level 5 in Axes
  2838 | D:4      | Reached skill level 5 in Armour
  2838 | D:4      | Reached skill level 5 in Shields
  2838 | D:4      | Reached XP level 7. HP: 18/61 MP: 7/7
  3944 | D:4      | Noticed Sigmund
  3973 | D:4      | Killed Sigmund
  3974 | D:4      | Reached skill level 6 in Axes
  3974 | D:4      | Reached XP level 8. HP: 36/71 MP: 8/8
  4490 | D:4      | Found a staircase to the Ecumenical Temple.
  4521 | D:4      | Found a hazy altar of Hepliaklqana.
  4705 | D:4      | Noticed Eustachio
  4746 | D:4      | Killed Eustachio
  4934 | D:5      | Entered Level 5 of the Dungeon
  5081 | D:5      | Noticed Grinder
  5088 | D:5      | Paralysed by Grinder for 5 turns
  5094 | D:5      | Killed Grinder
  5095 | D:5      | Reached skill level 7 in Axes
  5580 | D:5      | Noticed Menkaure
  5586 | D:5      | Killed Menkaure
  5587 | D:5      | Reached XP level 9. HP: 58/79 MP: 9/9
  5907 | D:5      | Reached skill level 8 in Axes
  5913 | D:5      | Noticed Ijyb
  5919 | D:5      | Killed Ijyb
  6345 | D:5      | You fall into a shaft and drop 2 floors!
  7350 | D:6      | Found an ancient bone altar of Kikubaaqudgha.
  7526 | D:7      | Found a sparkling altar of Nemelex Xobeh.
  7870 | D:7      | Found an ornate altar of the Wu Jian Council.
  7870 | D:7      | Found a white marble altar of Elyvilon.
  7985 | D:7      | Reached skill level 9 in Axes
  7988 | D:7      | Reached XP level 10. HP: 47/91 MP: 10/10
  8234 | D:7      | Identified the +4 quarterstaff "Bit Fuq" {antimagic, Dex+5
                  | Stlth+}
  8705 | Temple   | Entered the Ecumenical Temple
  8913 | D:8      | Found a radiant altar of Vehumet.
  9038 | D:8      | Paralysed by a hornet for 2 turns
  9354 | D:8      | Reached skill level 10 in Axes
  9672 | D:8      | Reached skill level 10 in Fighting
  9803 | D:8      | Identified the +6 rapier of Otomeloh {speed, +Blink rC+
                  | Will++ Dex+2}
  9937 | D:9      | Noticed a kobold demonologist
 10038 | D:8      | Killed a kobold demonologist
 10594 | D:9      | Found a blossoming altar of Fedhas.
 10642 | D:9      | Reached skill level 11 in Axes
 10642 | D:9      | Reached XP level 11. HP: 79/101 MP: 11/11
 10810 | D:9      | Found a staircase to the Orcish Mines.
 11132 | D:9      | Found a bloodstained altar of Trog.
 11420 | D:10     | Entered Level 10 of the Dungeon
 11477 | D:10     | Reached skill level 10 in Shields
 11491 | D:10     | Reached skill level 10 in Armour
 11566 | D:10     | Found an opulent altar of Gozag.
 11701 | D:10     | Noticed a two-headed ogre
 11717 | D:10     | Killed a two-headed ogre
 12287 | D:10     | Reached skill level 12 in Axes
 12668 | D:10     | Found a shimmering altar of Xom.
 12669 | D:10     | Found a shimmering altar of Xom.
 12669 | D:10     | Found a shimmering altar of Xom.
 12669 | D:10     | Found a shimmering altar of Xom.
 12767 | D:10     | Found a staircase to the Lair.
 12819 | D:10     | Found a shimmering altar of Xom.
 12823 | D:10     | Found a shimmering altar of Xom.
 12901 | D:10     | Became a worshipper of Gozag Ym Sagoz the Greedy
 13550 | D:11     | HP: 4/104 [komodo dragon (20)]
 13870 | D:11     | Reached XP level 12. HP: 96/112 MP: 12/12
 13956 | Orc:1    | Entered Level 1 of the Orcish Mines
 14033 | Orc:1    | Found Eguuss's Weapon Shoppe.
 14128 | Orc:2    | Entered Level 2 of the Orcish Mines
 14136 | Orc:2    | Found Jurec's Armour Shoppe.
 14232 | Orc:2    | Found a staircase to the Elven Halls.
 14234 | Orc:2    | Noticed an orc high priest
 14437 | Orc:1    | Killed an orc high priest
 14740 | Orc:2    | Noticed a two-headed ogre
 14752 | Orc:2    | Killed a two-headed ogre
 14847 | Orc:2    | Found Taiss's Assorted Antiques.
 14859 | Orc:2    | Bought a scroll of identify for 54 gold pieces
 14861 | Orc:2    | Found Aqo Qog's Armour Emporium.
 15078 | Orc:2    | Reached skill level 13 in Axes
 15113 | Orc:2    | Noticed an orc high priest
 15228 | Orc:2    | Noticed a soul eater
 15668 | Orc:2    | Noticed a soul eater
 15893 | Orc:1    | Killed an orc high priest
 16277 | Orc:2    | Noticed an orc high priest
 16291 | Orc:2    | Noticed a two-headed ogre
 16293 | Orc:2    | Killed an orc high priest
 16578 | Orc:1    | Killed a two-headed ogre
 17881 | Orc:2    | Bought a +1 helmet of see invisible for 198 gold pieces
 18107 | Orc:2    | Found Natwud's Distillery.
 18107 | Orc:2    | Found Hiqih's Assorted Antiques.
 18108 | Orc:2    | Found Wang's Antique Armour Emporium.
 18112 | Orc:2    | Found Iloum's General Store.
 18117 | Orc:2    | Bought a pair of glowing boots for 285 gold pieces
 18170 | Orc:2    | Bought a wand of paralysis (3) for 144 gold pieces
 18170 | Orc:2    | Bought a potion of heal wounds for 100 gold pieces
 18170 | Orc:2    | Bought an encrusted glass wand for 80 gold pieces
 18172 | Orc:2    | Bought 2 potions of curing for 72 gold pieces
 18172 | Orc:2    | Bought a potion of heal wounds for 60 gold pieces
 18172 | Orc:2    | Bought 2 potions of invisibility for 192 gold pieces
 18172 | Orc:2    | Bought a potion of ambrosia for 96 gold pieces
 18174 | Orc:2    | Bought a scroll of fear for 52 gold pieces
 18316 | Orc:2    | Noticed an orc high priest
 18330 | Orc:2    | Killed an orc high priest
 18848 | Orc:2    | Found Ikiqajuih's Distillery.
 18856 | Orc:2    | Bought a potion of might for 48 gold pieces
 18856 | Orc:2    | Bought a potion of curing for 36 gold pieces
 18856 | Orc:2    | Bought 2 potions of resistance for 240 gold pieces
 18856 | Orc:2    | Bought a potion of curing for 36 gold pieces
 18942 | Orc:1    | Noticed an orc warlord
 18949 | Orc:2    | Reached skill level 14 in Axes
 19029 | Orc:2    | Killed an orc warlord
 19030 | Orc:2    | Reached XP level 13. HP: 36/122 MP: 13/13
 21581 | D:11     | Identified the ring of Hard Scrabble {rPois EV+4 Stlth+}
 21582 | D:11     | Identified the ring "Tixege" {rPois Will+ Int+2}
 21585 | D:11     | HP: 2/123 [centaur warrior simulacrum (13)]
 21925 | D:11     | Identified the ring "Nyontist" {rElec rF- rN++ Will+
                  | Stlth+}
 22560 | D:11     | Reached skill level 15 in Axes
 22679 | D:11     | Identified the ring of Nontonko {Fire Contam Will++ Str+4
                  | Stlth+}
 23228 | D:12     | Noticed Azrael
 23321 | D:12     | Identified the +5 dagger of Hepliaklqana's Envy {elec,
                  | +Blink}
 23789 | D:11     | Killed Azrael
 24930 | D:12     | Reached XP level 14. HP: 52/133 MP: 14/14
 26261 | D:13     | Noticed Urug
 26927 | D:13     | Found a gate to the Vaults.
 26932 | D:13     | Reached skill level 15 in Fighting
 26934 | D:13     | Reached skill level 16 in Axes
 27391 | D:13     | Bought a fine silver ring for 145 gold pieces
 27391 | D:13     | Identified the ring of Suspected Treachery {rElec rPois
                  | AC+4 Str+3} (You bought it in a shop on level 13 of the
                  | Dungeon)
 27391 | D:13     | Bought a runed broad axe for 203 gold pieces
 27410 | D:13     | Gained mutation: You occasionally lose the ability to drink
                  | potions when taking damage. [mutagenic glow]
 27435 | D:13     | Noticed Frances
 27454 | D:13     | Killed Frances
 27680 | D:13     | Noticed Erolcha
 27688 | D:13     | Killed Erolcha
 27805 | D:13     | Killed Urug
 28418 | Lair:1   | Entered Level 1 of the Lair of Beasts
 29688 | Lair:2   | Noticed Gastronok
 29699 | Lair:2   | Killed Gastronok
 30070 | Lair:2   | Found a staircase to the Snake Pit.
 30312 | Lair:2   | Found a broken altar of Ashenzari.
 31232 | Lair:3   | Reached skill level 17 in Axes
 31232 | Lair:3   | Reached XP level 15. HP: 134/143 MP: 15/15
 31503 | Lair:3   | Found a staircase to the Shoals.
 32229 | Lair:4   | Noticed Snorg
 32230 | Lair:4   | Noticed Josephine
 32245 | Lair:4   | Killed Snorg
 32246 | Lair:4   | Reached skill level 15 in Shields
 32251 | Lair:4   | Killed Josephine
 32252 | Lair:4   | Reached skill level 15 in Armour
 32483 | Lair:4   | Noticed Rupert
 33013 | Lair:4   | Paralysed by Rupert for 4 turns
 33030 | Lair:4   | Killed Rupert
 34029 | Lair:5   | Entered Level 5 of the Lair of Beasts
 34523 | Lair:5   | Found a viscous altar of Jiyva.
 34523 | Lair:5   | Found a staircase to the Slime Pits.
 35518 | Lair:5   | Found a runed translucent door.
 35518 | Lair:5   | Noticed CabbageHands's ghost (journeyman DjGl)
 35549 | Lair:5   | Reached skill level 18 in Axes
 36005 | Lair:5   | Reached XP level 16. HP: 135/155 MP: 16/16
 36202 | Lair:5   | Bought the +8 war axe of Extinguishment {pain, Str+6} for
                  | 1092 gold pieces
 36563 | Lair:5   | Killed CabbageHands's ghost
 37083 | Lair:5   | Bought 2 potions of curing for 234 gold pieces
 37418 | D:14     | Found a bloodstained altar of Trog.
 38219 | D:14     | Found a white marble altar of Elyvilon.
 38504 | D:15     | Entered Level 15 of the Dungeon
 38782 | D:15     | Reached skill level 19 in Axes
 38932 | D:15     | Found a staircase to the Depths.
 39688 | D:15     | Gained mutation: You have a pair of small horns on your
                  | head. [a neqoxec]
 40323 | D:15     | Lost mutation: You have a pair of small horns on your head.
                  | [potion of mutation]
 40323 | D:15     | Lost mutation: You occasionally lose the ability to drink
                  | potions when taking damage. [potion of mutation]
 40323 | D:15     | Gained mutation: You are weak. (Str -2) [potion of
                  | mutation]
 40952 | Snake:1  | Entered Level 1 of the Snake Pit
 41389 | Snake:1  | Reached skill level 1 in Dodging
 41389 | Snake:1  | Reached skill level 1 in Necromancy
 42627 | Snake:1  | Reached XP level 17. HP: 163/163 MP: 17/17
 42817 | Snake:2  | Noticed a tentacled monstrosity
 43771 | Snake:2  | Killed a tentacled monstrosity
 43772 | Snake:2  | Reached skill level 5 in Necromancy
 44422 | Snake:2  | Reached skill level 5 in Dodging
 46316 | Snake:4  | Entered Level 4 of the Snake Pit
 46316 | Snake:4  | Found Ulesen's Assorted Antiques.
 46333 | Snake:4  | Bought a glowing helmet for 232 gold pieces
 46333 | Snake:4  | Bought a fine leather armour for 217 gold pieces
 46333 | Snake:4  | Identified the +2 leather armour of Pride {Rampage rElec
                  | rCorr} (You bought it in a shop on level 4 of the Snake
                  | Pit)
 46333 | Snake:4  | Bought a potion of might for 124 gold pieces
 47740 | Snake:4  | Reached XP level 18. HP: 100/172 MP: 18/18
 49667 | Snake:4  | Reached skill level 10 in Necromancy
 49670 | Snake:4  | Noticed a quicksilver dragon
 49673 | Snake:4  | Noticed a quicksilver dragon
 50840 | Snake:4  | Killed a quicksilver dragon
 51264 | Snake:4  | Got a serpentine rune of Zot
 51297 | Snake:4  | Killed a quicksilver dragon
 51675 | Shoals:1 | Entered Level 1 of the Shoals
 51720 | Shoals:1 | Identified the +6 falchion of the Nurturing Gods {freeze,
                  | Str+9}
 51798 | Shoals:1 | Found a bloodstained altar of Trog.
 51810 | Shoals:1 | Noticed Cihivoiw's ghost (adept TeCj)
 53171 | Shoals:1 | Found a transporter.
 53172 | Shoals:1 | Found a transporter.
 53358 | Shoals:1 | Killed Cihivoiw's ghost
 53441 | Shoals:1 | Bought a pair of crude gloves for 256 gold pieces
 53441 | Shoals:1 | Identified the +0 pair of gloves of Ceut {Stlth+} (You
                  | bought it in a shop on level 1 of the Shoals)
 53769 | Shoals:2 | Identified the ring "Fucavuf" {rF+ Dex+5 Slay+2}
 53831 | Shoals:2 | Reached skill level 10 in Dodging
 54094 | Shoals:2 | Noticed Ilsuiw
 54120 | Shoals:2 | Killed Ilsuiw
 54606 | Shoals:2 | Noticed Mlioglotl
 54649 | Shoals:2 | Noticed a bone dragon
 54661 | Shoals:2 | Paralysed by accursed screaming for 2 turns
 55173 | Shoals:2 | Found an ornate altar of the Wu Jian Council.
 55437 | Shoals:2 | Reached XP level 19. HP: 176/179 MP: 19/19
 55736 | Shoals:2 | Found a transporter.
 55766 | Shoals:2 | Found a transporter.
 58094 | Shoals:4 | Entered Level 4 of the Shoals
 58572 | Shoals:4 | Paralysed by an air elemental for 1 turns
 58687 | Shoals:4 | Bought a potion of curing for 96 gold pieces
 58687 | Shoals:4 | Bought a potion of ambrosia for 256 gold pieces
 58687 | Shoals:4 | Bought a scroll of enchant armour for 240 gold pieces
 58758 | Shoals:4 | Noticed Polyphemus
 58790 | Shoals:4 | Killed Polyphemus
 59371 | Shoals:4 | Identified the +9 war axe of Watchfulness {drain, *Rage rC+
                  | Will+ Dex+2}
 59550 | Shoals:4 | Got Haybijai's Directory of Planar Shaping
 59554 | Shoals:4 | Got a barnacled rune of Zot
 60849 | Depths:1 | Entered Level 1 of the Depths
 61333 | Depths:1 | Noticed Nikola
 61596 | Depths:1 | Killed Nikola
 62012 | Depths:1 | Noticed a caustic shrike
 62024 | Depths:1 | Killed a caustic shrike
 62031 | Depths:1 | Noticed a golden dragon
 62040 | Depths:1 | Slain by a titan

Illustrated notes

Levels and vault maps discovered:
D:1:      wander_arrival_fairy_ring, layout_basic, hex_tiny
D:2:      cheibrodos_old_hovel, layout_loops_corners, roderic_roman_lattice,
          kennysheep_potato
D:3:      layout_rooms, shapermc_ecumenical_altar_petra
D:4:      minmay_razor_zed, layout_rooms, nzn_hepliaklqana_mist_gate,
          minmay_temple_entry_butterflies, uniq_sigmund, uniq_eustachio
D:5:      layout_basic, uniq_grinder, uniq_menkaure, uniq_ijyb
D:6:      layout_loops_ring, lemuel_coloured_pillars_altar
D:7:      layout_gridville, gammafunk_temple_overflow_pools,
          nemelex_spade_bored_becter, hangedman_abyss_or_decor_slice
D:8:      layout_rooms, nicolae_vehumet_radiance, corexii_hall_statues_deadend
D:9:      layout_long_grid, amcnicky_altar_gilded, lemuel_round_altar,
          david_orc_4, st_stairs_4, chequers_avenue, kennysheep_path_1,
          grunt_ministairs_14, grunt_decor_fettered
D:10:     layout_roguey, nicolae_gozag_cash_rules_everything_around_me,
          xom_shifter_show, lair_entry_dummy
D:11:     minmay_the_grid_triangle_9x9_rhombus_full_mashed
          [minmay_the_grid_triangle_9x9_dagger,
          minmay_the_grid_triangle_9x9_thin_v,
          minmay_the_grid_triangle_9x9_longest,
          minmay_the_grid_triangle_9x9_shrine,
          minmay_the_grid_triangle_9x9_negative_grid,
          minmay_the_grid_triangle_9x9_windchime,
          minmay_the_grid_triangle_9x9_intruding_spiral,
          minmay_the_grid_triangle_9x9_prize_special], layout_loops_ring
D:12:     layout_rooms, uniq_azrael
D:13:     layout_grid_maze, david_vaults_3, hangedman_decor_slide_cut,
          minmay_statue_bubble, uniq_urug, uniq_frances, uniq_erolcha
D:14:     layout_loops_cross, nicolae_elyvilon_peaceful_grove,
          trog_ov_bears_minmay
D:15:     hangedman_depths_entry_try_elsewhere_first, layout_small_grid,
          serial_demonic, serial_demonic_b, serial_demonic_c, serial_demonic_b,
          serial_demonic_e, serial_demonic_e, serial_demonic_c, serial_demonic_e
Temple:   nicolae_temple_x_marks_the_god
Lair:1:   layout_gridlike, nicolae_lair_grazing_beasts
          [nicolae_sub_lair_graze_edge, nicolae_sub_lair_graze_edge,
          nicolae_sub_lair_graze_edge, nicolae_sub_lair_graze_edge]
Lair:2:   layout_cave_pods, guppyfry_snake_entry_garden, basic_altar,
          grunt_forest_large_clearing_hut, uniq_gastronok
Lair:3:   layout_cave_pods, elwin_shoals_entry_rooms, beast_lair_carwin_11
Lair:4:   layout_cellular_growth, chequers_serial_rivers_large_b, uniq_rupert,
          uniq_josephine, uniq_snorg
Lair:5:   minmay_lair_end_frog_pond, layout_cave_pods,
          minmay_slime_entry_pillars, gammafunk_ghost_grave,
          grunt_forest_large_clearings, infiniplex_staircase_pool
Shoals:1: layout_shoals, gammafunk_ghost_wrathful_warriors
Shoals:2: gammafunk_sealed_arena, layout_shoals, nicolae_shoals_cliffside_cave,
          lemuel_oklob_altar, uniq_mlioglotl, uniq_ilsuiw
Shoals:3: layout_shoals
Shoals:4: shoals_end_hellmonk_storm_palace [storm_palace_center_square,
          storm_palace_corner_reverse_hut, storm_palace_corner_narrow,
          storm_palace_corner_grid, storm_palace_corner_blocked],
          uniq_polyphemus
Snake:1:  layout_misc_corridors, st_stairs_4, grunt_ministairs_15,
          serial_bayou_pond_c, drop_trap, lemuel_fruit_tree
Snake:2:  onia_ninara_swampy_vault, layout_onion, grunt_megastairs_2
Snake:3:  layout_honeycomb, guppyfry_snake_island
Snake:4:  hellmonk_snake_rune_quicksilver_temple, layout_cave_town,
          serial_shops, shop
Orc:1:    layout_caves, serial_shops, nicolae_shop_trees
Orc:2:    st_orc_mages, layout_caves, serial_shops, shop_coins, shop, shop,
          nicolae_shop_advertising_works [nicolae_subvault_shop_adworks]
Depths:1: gammafunk_depths_water_palace, layout_gridlike, enter_ziggurat_f,
          grunt_decor_resistance, grunt_hell_entry_dis_grunt,
          gammafunk_ghost_berserking_beasts, chequers_serial_rivers_small_3,
          minivault_16, nicolae_wooded_promenade, kennysheep_generic_room_12,
          uniq_nikola

Skill      XL: |  1  2  3  4  5  6  7  8  9 10 11 12 13 14 15 16 17 18 19 |
---------------+----------------------------------------------------------+-----
Axes           | 3 4 5 6 7 9 11 12 14 15 17 18 19 | 19.2
Fighting       | 4 5 6 7 9 10 11 13 14 15 17 18 | 18.0
Armour         | 4 5 6 8 9 10 12 13 14 15 16 | 16.6
Shields        | 4 5 6 8 9 11 12 13 14 15 16 | 16.6
Dodging        | 2 7 10 12 | 12.3
Necromancy     | 3 9 12 14 | 14.5

Action                   |  1- 3 |  4- 6 |  7- 9 | 10-12 | 13-15 | 16-18 | 19-21 || total
-------------------------+-------+-------+-------+-------+-------+-------+-------++-------
Melee: War axe           |   109 |   114 |   282 |   639 |   785 |  1198 |   475 ||  3602
       Broad axe         |       |       |       |       |   255 |   116 |       ||   371
       Rapier            |       |       |       |       |    28 |       |       ||    28
       Headbutt          |       |       |       |       |       |    20 |       ||    20
Throw: Dart              |       |       |       |       |     1 |     1 |       ||     2
Invok: Call Merchant     |       |       |       |       |     2 |     4 |     1 ||     7
Evoke: Wand              |       |       |       |    11 |     6 |       |     4 ||    21
  Use: Scroll            |       |     9 |     9 |     9 |    20 |     3 |     4 ||    54
       Potion            |       |       |     2 |     8 |     5 |     9 |     4 ||    28
 Stab: Distracted        |       |       |       |       |     6 |     8 |     1 ||    15
       Sleeping          |       |       |       |       |     1 |     1 |     1 ||     3
       Petrified         |       |       |       |       |     4 |       |     8 ||    12
       Petrifying        |       |       |       |       |     1 |       |     1 ||     2
       Invisible         |       |       |       |       |       |     2 |       ||     2
Armor: Scale mail        |    78 |    99 |   170 |   120 |       |       |       ||   467
       Acid dragon scale |       |       |       |   232 |       |       |       ||   232
       Ring mail         |       |       |       |    15 |   476 |   507 |   227 ||  1225
Dodge: Dodged            |    73 |    79 |   112 |   357 |   616 |  1025 |   398 ||  2660
       Repelled          |       |       |       |       |       |    23 |     7 ||    30
Block: Buckler           |    27 |    32 |    74 |   215 |    68 |       |       ||   416
       Kite shield       |       |       |       |       |   538 |  1007 |   268 ||  1813

Table legend: (Time is in decaauts)
 A = Elapsed time spent in this place.
 B = Non-inter-level travel time spent in this place.
 C = Inter-level travel time spent in this place.
 D = Time resting spent in this place.
 E = Time spent auto-exploring this place.
 F = Levels seen in this place.
 G = Mean time per level.
                   A        B        C        D        E       F      G
               +--------+--------+--------+--------+--------+-----+--------+
         Total |  61704 |  59067 |   2637 |  25046 |  21346 |  32 | 1928.2 |
       Dungeon |  26182 |  24552 |   1630 |   8992 |  11271 |  15 | 1745.5 |
        Temple |     80 |     77 |      3 |      0 |     46 |   1 |   80.0 |
          Lair |   9796 |   9230 |    566 |   3296 |   3979 |   5 | 1959.2 |
        Shoals |   8314 |   8181 |    133 |   2747 |   2546 |   4 | 2078.5 |
     Snake Pit |  10137 |   9907 |    230 |   5326 |   2545 |   4 | 2534.2 |
  Orcish Mines |   6014 |   5942 |     72 |   3866 |    847 |   2 | 3007.0 |
        Depths |   1178 |   1178 |      0 |    818 |    112 |   1 | 1178.0 |
               +--------+--------+--------+--------+--------+-----+--------+

Top non-repeatable levels by time:
    D:11: 4483 daAuts
   Orc:1: 3739 daAuts
 Snake:3: 3678 daAuts
Shoals:2: 3282 daAuts
 Snake:4: 2676 daAuts
  Lair:4: 2564 daAuts
     D:4: 2488 daAuts
Shoals:4: 2434 daAuts
    D:13: 2426 daAuts
   Orc:2: 2275 daAuts
 Snake:1: 2246 daAuts
  Lair:3: 2221 daAuts
    D:12: 1961 daAuts
    D:15: 1938 daAuts
    D:10: 1935 daAuts
